3AAA
SIOUX FALLS RED PANDAS @ PURE MICHIGAN GREAT LAKERS
08/03/2032
 
TOP OF THE 1ST
Sioux Falls Red Pandas batting - Pitching for Pure Michigan Great Lakers : LHP Arnie Pittman
Pitching: LHP Arnie Pittman
Batting: RHB Vito Middendorf 0-0: Foul Ball, location: 2F
0-1: Ball
1-1: Swinging Strike
1-2: Reached on error, E8 (Flyball, 8LM)
Batting: LHB Pedro Gutiérrez 0-0: Ball
1-0: Ball
Vito Middendorf steals 2nd base
2-0: Called Strike
2-1: Swinging Strike
2-2: Ball
3-2: Strikes out swinging
Batting: RHB Sean MacKnight 0-0: Called Strike
0-1: Ground out 3-1 (Groundball, 34S)
Vito Middendorf to third
Batting: RHB Darrell Terwey 0-0: Ball
1-0: Ground out 6-3 (Groundball, 6)
Top of the 1st over - 0 runs, 0 hits, 1 error, 1 left on base; Sioux Falls 0 - Pure Michigan 0
BOTTOM OF THE 1ST
Pure Michigan Great Lakers batting - Pitching for Sioux Falls Red Pandas : LHP Kaluka Wene
Pitching: LHP Kaluka Wene
Batting: SHB Cyrille Baffi 0-0: Ball
1-0: Swinging Strike
1-1: Ball
2-1: Foul Ball, location: 2F
2-2: Fly out, F9 (Flyball, 9LMF)
Batting: LHB Yin-reng Hsueh 0-0: Ball
1-0: Foul Ball, location: 2F
1-1: Ground out U3 (Groundball, 34S)
Batting: RHB Alco Compagne 0-0: Foul Ball, location: 2F
0-1: Ball
1-1: SOLO HOME RUN (Flyball, 7LD), Distance : 344 ft
Batting: LHB Dudley Gardner 0-0: Ball
1-0: Ball
2-0: Called Strike
2-1: Foul Ball, location: 2F
2-2: Ball
3-2: Strikes out looking
Bottom of the 1st over - 1 run, 1 hit, 0 errors, 0 left on base; Sioux Falls 0 - Pure Michigan 1
TOP OF THE 2ND
Sioux Falls Red Pandas batting - Pitching for Pure Michigan Great Lakers : LHP Arnie Pittman
Batting: RHB Lytle Creek 0-0: Ball
1-0: Called Strike
1-1: Ball
2-1: Swinging Strike
2-2: Strikes out swinging
Batting: RHB José Palácios 0-0: Swinging Strike
0-1: Ball
1-1: Ball
2-1: Foul Ball, location: 2F
2-2: Ground out 6-3 (Groundball, 6)
Batting: RHB Kumanosuke Abe 0-0: Swinging Strike
0-1: Ball
1-1: Called Strike
1-2: Ball
2-2: Foul Ball, location: 2F
2-2: Foul Ball, location: 2F
2-2: Ball
3-2: Strikes out swinging
Top of the 2nd over - 0 runs, 0 hits, 0 errors, 0 left on base; Sioux Falls 0 - Pure Michigan 1
BOTTOM OF THE 2ND
Pure Michigan Great Lakers batting - Pitching for Sioux Falls Red Pandas : LHP Kaluka Wene
Batting: RHB Dan Hendricks 0-0: Ball
1-0: Called Strike
1-1: DOUBLE (Line Drive, 7LM)
Batting: SHB Tony Gutiérrez 0-0: Ball
1-0: Ball
2-0: Called Strike
2-1: Swinging Strike
2-2: Ground out 6-3 (Groundball, 6)
Batting: LHB Gilberto Moreno 0-0: Called Strike
0-1: Ball
1-1: Foul Ball, location: 2F
1-2: Foul Ball, location: 2F
1-2: Foul Ball, location: 2F
1-2: Reached on error, E4 (Groundball, 4S)
Dan Hendricks scores
Batting: LHB Ángel Pineda 0-0: Ball
1-0: SINGLE (Groundball, 34D)
Gilberto Moreno to third
Batting: LHB Victor Schuur 0-0: Called Strike
0-1: Foul Ball, location: 2F
0-2: Ball
1-2: Ball
2-2: Fly out, F8 (Flyball, 8RXD)
Runner from 3rd tags up, SCORES, no throw
Batting: SHB Cyrille Baffi 0-0: Called Strike
0-1: Ball
1-1: Fly out, F3 (Popup, 3F)
Bottom of the 2nd over - 2 runs, 2 hits, 1 error, 1 left on base; Sioux Falls 0 - Pure Michigan 3
TOP OF THE 3RD
Sioux Falls Red Pandas batting - Pitching for Pure Michigan Great Lakers : LHP Arnie Pittman
Batting: LHB Herman Hayes 0-0: Called Strike
0-1: Swinging Strike
0-2: Strikes out swinging
Batting: RHB Jesús Orozco 0-0: Called Strike
0-1: Ball
1-1: Foul Ball, location: 2F
1-2: Foul Ball, location: 2F
1-2: Ball
2-2: Strikes out looking
Batting: RHB Vito Middendorf 0-0: Ball
1-0: Foul Ball, location: 2F
1-1: Ball
2-1: Called Strike
2-2: Ball
3-2: SINGLE (Groundball, 6MD)
Batting: LHB Pedro Gutiérrez 0-0: Ball
1-0: Called Strike
1-1: Ball
2-1: Called Strike
2-2: Foul Ball, location: 2F
2-2: Ground out 3-1 (Groundball, 3D)
Top of the 3rd over - 0 runs, 1 hit, 0 errors, 1 left on base; Sioux Falls 0 - Pure Michigan 3
BOTTOM OF THE 3RD
Pure Michigan Great Lakers batting - Pitching for Sioux Falls Red Pandas : LHP Kaluka Wene
Batting: LHB Yin-reng Hsueh 0-0: Ball
1-0: Fly out, F9 (Flyball, 9S)
Batting: RHB Alco Compagne 0-0: Ball
1-0: Called Strike
1-1: Ball
2-1: Foul Ball, location: 2F
2-2: Ball
3-2: DOUBLE (Line Drive, 5D)
Batting: LHB Dudley Gardner 0-0: Called Strike
0-1: Ball
1-1: Ball
2-1: Swinging Strike
2-2: Foul Ball, location: 2F
2-2: Strikes out looking
Batting: RHB Dan Hendricks 0-0: Called Strike
0-1: Foul Ball, location: 2F
0-2: Ball
1-2: Foul Ball, location: 2F
1-2: Ground out 4-3 (Groundball, 4MS)
Bottom of the 3rd over - 0 runs, 1 hit, 0 errors, 1 left on base; Sioux Falls 0 - Pure Michigan 3
TOP OF THE 4TH
Sioux Falls Red Pandas batting - Pitching for Pure Michigan Great Lakers : LHP Arnie Pittman
Batting: RHB Sean MacKnight 0-0: Called Strike
0-1: Swinging Strike
0-2: TRIPLE (Line Drive, 89XD)
Batting: RHB Darrell Terwey 0-0: Swinging Strike
0-1: Ball
1-1: Foul Ball, location: 2F
1-2: Fly out, F7 (Line Drive, 7)
Batting: RHB Lytle Creek 0-0: Swinging Strike
0-1: Ball
1-1: Ball
2-1: Ball
3-1: Called Strike
3-2: Foul Ball, location: 2F
3-2: SINGLE (Groundball, 4D)
Sean MacKnight scores
Batting: RHB José Palácios 0-0: Ball
1-0: Fly out, F7 (Line Drive, 78S)
Batting: RHB Kumanosuke Abe 0-0: Swinging Strike
0-1: Ball
1-1: Ball
2-1: Ball
3-1: Base on Balls
Lytle Creek to second
Batting: LHB Herman Hayes 0-0: Ball
1-0: Called Strike
1-1: Foul Ball, location: 2F
1-2: Fly out, F7 (Flyball, 7S)
Top of the 4th over - 1 run, 2 hits, 0 errors, 2 left on base; Sioux Falls 1 - Pure Michigan 3
BOTTOM OF THE 4TH
Pure Michigan Great Lakers batting - Pitching for Sioux Falls Red Pandas : LHP Kaluka Wene
Pitching: LHP José Castaneda
Batting: SHB Tony Gutiérrez 0-0: Swinging Strike
0-1: Foul Ball, location: 2F
0-2: Foul Ball, location: 2F
0-2: Ball
1-2: Ball
2-2: Ground out 6-3 (Groundball, 6MS)
Batting: LHB Gilberto Moreno 0-0: Ground out 6-3 (Groundball, 6)
Batting: LHB Ángel Pineda 0-0: Ball
1-0: Ball
2-0: Ball
3-0: Base on Balls
Batting: LHB Victor Schuur 0-0: Called Strike
0-1: Ball
1-1: Foul Ball, location: 2F
1-2: Foul Ball, location: 2F
1-2: Ball
2-2: Strikes out swinging
Bottom of the 4th over - 0 runs, 0 hits, 0 errors, 1 left on base; Sioux Falls 1 - Pure Michigan 3
TOP OF THE 5TH
Sioux Falls Red Pandas batting - Pitching for Pure Michigan Great Lakers : LHP Arnie Pittman
Batting: RHB Jesús Orozco 0-0: Swinging Strike
0-1: SINGLE (Line Drive, 34)
Batting: RHB Vito Middendorf 0-0: Ball
1-0: Ground out U3 (Groundball, 3S)
Jesús Orozco to second
Batting: LHB Pedro Gutiérrez 0-0: Ground out 4-3 (Groundball, 4MS)
Jesús Orozco to third
Batting: RHB Sean MacKnight 0-0: Ball
Wild Pitch!
Jesús Orozco scores
1-0: Called Strike
1-1: Ball
2-1: Foul Ball, location: 2F
2-2: Foul Ball, location: 2F
2-2: Foul Ball, location: 2F
2-2: Foul Ball, location: 2F
2-2: Foul Ball, location: 2F
2-2: Foul Ball, location: 2F
2-2: Ball
3-2: Base on Balls
Batting: RHB Darrell Terwey 0-0: SINGLE (Groundball, 6MD)
Sean MacKnight to second
Batting: RHB Lytle Creek 0-0: Ball
1-0: Ball
2-0: Called Strike
2-1: Foul Ball, location: 2F
2-2: Ball
3-2: Ground out U3 (Groundball, 3)
Top of the 5th over - 1 run, 2 hits, 0 errors, 2 left on base; Sioux Falls 2 - Pure Michigan 3
BOTTOM OF THE 5TH
Pure Michigan Great Lakers batting - Pitching for Sioux Falls Red Pandas : LHP José Castaneda
Batting: SHB Cyrille Baffi 0-0: Swinging Strike
0-1: Ground out 6-3 (Groundball, 6)
Batting: LHB Yin-reng Hsueh 0-0: Swinging Strike
0-1: Swinging Strike
0-2: Strikes out swinging
Batting: RHB Alco Compagne 0-0: Ball
1-0: Called Strike
1-1: SINGLE (Groundball, 56D)
Batting: LHB Dudley Gardner 0-0: Ball
1-0: Foul Ball, location: 2F
1-1: Called Strike
1-2: Ball
2-2: Strikes out swinging
Bottom of the 5th over - 0 runs, 1 hit, 0 errors, 1 left on base; Sioux Falls 2 - Pure Michigan 3
TOP OF THE 6TH
Sioux Falls Red Pandas batting - Pitching for Pure Michigan Great Lakers : LHP Arnie Pittman
Batting: RHB José Palácios 0-0: Swinging Strike
0-1: Ball
1-1: Foul Ball, location: 2F
1-2: Foul Ball, location: 2F
1-2: Ground out 6-3 (Groundball, 6)
Batting: RHB Kumanosuke Abe 0-0: Called Strike
0-1: Swinging Strike
0-2: Strikes out swinging
Batting: LHB Herman Hayes 0-0: Called Strike
0-1: Ball
1-1: Foul Ball, location: 2F
1-2: Ball
2-2: Strikes out swinging
Top of the 6th over - 0 runs, 0 hits, 0 errors, 0 left on base; Sioux Falls 2 - Pure Michigan 3
BOTTOM OF THE 6TH
Pure Michigan Great Lakers batting - Pitching for Sioux Falls Red Pandas : LHP José Castaneda
Batting: RHB Dan Hendricks 0-0: Ball
1-0: Called Strike
1-1: Ball
2-1: Called Strike
2-2: Ball
3-2: Foul Ball, location: 2F
3-2: SINGLE (Groundball, 25) (infield hit)
Batting: SHB Tony Gutiérrez 0-0: Ball
1-0: Sac Bunt - play at first, batter OUT! 1-4
Dan Hendricks to second
Batting: LHB Gilberto Moreno 0-0: Called Strike
0-1: Called Strike
0-2: Foul Ball, location: 2F
0-2: Foul Ball, location: 2F
0-2: Ground out U3 (Groundball, 3L)
Dan Hendricks to third
Batting: LHB Ángel Pineda 0-0: SINGLE (Groundball, 34D)
Dan Hendricks scores
Batting: LHB Victor Schuur 0-0: Called Strike
0-1: Ball
1-1: Ball
2-1: Ball
3-1: SINGLE (Groundball, 3D)
Ángel Pineda to second
Runner from 2nd tries for 3rd, SAFE, no throw
Batting: SHB Cyrille Baffi 0-0: Hit by Pitch
Victor Schuur to second
Batting: LHB Yin-reng Hsueh 0-0: Ball
1-0: Ball
2-0: Fly out, F5 (Popup, 5F)
Bottom of the 6th over - 1 run, 3 hits, 0 errors, 3 left on base; Sioux Falls 2 - Pure Michigan 4
TOP OF THE 7TH
Sioux Falls Red Pandas batting - Pitching for Pure Michigan Great Lakers : LHP Arnie Pittman
Now at C: Harith Karim
Batting: RHB Jesús Orozco 0-0: Foul Ball, location: 2F
0-1: Ball
1-1: Foul Ball, location: 2F
1-2: Ball
2-2: Foul Ball, location: 2F
2-2: Strikes out swinging
Batting: RHB Vito Middendorf 0-0: Ball
1-0: Ground out U3 (Groundball, 3S)
Batting: LHB Pedro Gutiérrez 0-0: Fly out, F4 (Popup, 4MD)
Top of the 7th over - 0 runs, 0 hits, 0 errors, 0 left on base; Sioux Falls 2 - Pure Michigan 4
BOTTOM OF THE 7TH
Pure Michigan Great Lakers batting - Pitching for Sioux Falls Red Pandas : LHP José Castaneda
Batting: RHB Alco Compagne 0-0: Ball
1-0: Ball
2-0: SINGLE (Line Drive, 8LS)
Pitching: LHP António Silva
Batting: LHB Dudley Gardner 0-0: Grounds out, U3 (Groundball, 3L)
Batting: RHB Dan Hendricks 0-0: Intentional Walk
Pinch Hitting: LHB Gerardo Ponce de Leon 0-0: Called Strike
0-1: Ground out U3 (Groundball, 3S)
Alco Compagne to third
Dan Hendricks to second
Batting: LHB Gilberto Moreno 0-0: Called Strike
0-1: Ball
1-1: Fly out, F3 (Popup, 3SF)
Bottom of the 7th over - 0 runs, 1 hit, 0 errors, 2 left on base; Sioux Falls 2 - Pure Michigan 4
TOP OF THE 8TH
Sioux Falls Red Pandas batting - Pitching for Pure Michigan Great Lakers : LHP Arnie Pittman
Pitching: LHP Corbin Jameson
Now at 3B: Hamilton Swan
Batting: RHB Sean MacKnight 0-0: Called Strike
0-1: Foul Ball, location: 2F
0-2: SINGLE (Groundball, 56D)
Batting: RHB Darrell Terwey 0-0: Ball
1-0: Called Strike
1-1: Foul Ball, location: 2F
1-2: Fielders Choice at 2nd, 1-6 (Groundball, P)
Batting: RHB Lytle Creek 0-0: Swinging Strike
0-1: Ball
1-1: Swinging Strike
1-2: Strikes out looking
Batting: RHB José Palácios 0-0: Ball
1-0: Fly out, F8 (Flyball, 8RD)
Top of the 8th over - 0 runs, 1 hit, 0 errors, 1 left on base; Sioux Falls 2 - Pure Michigan 4
BOTTOM OF THE 8TH
Pure Michigan Great Lakers batting - Pitching for Sioux Falls Red Pandas : LHP António Silva
Pitching: RHP David Hudson
Batting: LHB Ángel Pineda 0-0: Foul Ball, location: 2F
0-1: Ball
1-1: Ball
2-1: Ground out 5-3 (Groundball, 56)
Batting: RHB Harith Karim 0-0: Called Strike
0-1: Swinging Strike
0-2: Ball
1-2: Fly out, F7 (Flyball, 7LS)
Batting: SHB Cyrille Baffi 0-0: Ball
1-0: Ball
2-0: Ball
3-0: Called Strike
3-1: Swinging Strike
3-2: Base on Balls
Batting: LHB Yin-reng Hsueh 0-0: Foul Ball, location: 2F
0-1: Ball
1-1: Swinging Strike
1-2: Ball
Cyrille Baffi steals 2nd base
2-2: Foul Ball, location: 2F
2-2: Ball
3-2: Foul Ball, location: 2F
3-2: Base on Balls
Batting: RHB Alco Compagne 0-0: Swinging Strike
0-1: Called Strike
0-2: Ball
1-2: Foul Ball, location: 2F
1-2: Ball
2-2: Foul Ball, location: 2F
2-2: Ball
3-2: SINGLE (Line Drive, 3D)
Cyrille Baffi to third
Yin-reng Hsueh to second
Cyrille Baffi scores
Yin-reng Hsueh to third
Pitching: RHP Ron Madison
Batting: LHB Dudley Gardner 0-0: Called Strike
0-1: SINGLE (Groundball, 34D)
Yin-reng Hsueh scores
Alco Compagne to second
Runner from 2nd tries for 3rd, SAFE, throw made to third
Batting: RHB Dan Hendricks 0-0: Ball
1-0: Ball
2-0: Foul Ball, location: 2F
2-1: Ball
3-1: TRIPLE (Line Drive, 7D)
Alco Compagne scores
Dudley Gardner scores
Batting: RHB Hamilton Swan 0-0: Foul Ball, location: 2F
0-1: Called Strike
0-2: Ball
1-2: Foul Ball, location: 2F
1-2: Foul Ball, location: 2F
1-2: Foul Ball, location: 2F
1-2: Ball
2-2: Ball
3-2: Strikes out swinging
Bottom of the 8th over - 4 runs, 3 hits, 0 errors, 1 left on base; Sioux Falls 2 - Pure Michigan 8
TOP OF THE 9TH
Sioux Falls Red Pandas batting - Pitching for Pure Michigan Great Lakers : LHP Corbin Jameson
Batting: RHB Kumanosuke Abe 0-0: Called Strike
0-1: Called Strike
0-2: Foul Ball, location: 2F
0-2: Strikes out looking
Batting: LHB Herman Hayes 0-0: Called Strike
0-1: Foul Ball, location: 2F
0-2: Strikes out swinging
Batting: RHB Jesús Orozco 0-0: Swinging Strike
0-1: DOUBLE (Flyball, 89D)
Batting: RHB Vito Middendorf 0-0: Foul Ball, location: 2F
0-1: Foul Ball, location: 2F
0-2: Foul Ball, location: 2F
0-2: Fly out, F9 (Flyball, 9)
Top of the 9th over - 0 runs, 1 hit, 0 errors, 1 left on base; Sioux Falls 2 - Pure Michigan 8
Wednesday, September 19th, 2018 - OOTP Baseball 18.8 Build 76